 Dungeon Crawl Stone Soup version 0.23-a0-29-g1be82e5 (webtiles) character file.

19907 galech the Cleaver (level 12, -5/110 HPs)
             Began as a Minotaur Fighter on Aug 3, 2018.
             Was a High Priest of Makhleb.
             Slain by an ettin
             ... wielding a cursed -2 dire flail
              (11 damage)
             ... on level 2 of the Orcish Mines.
             The game lasted 00:21:45 (10671 turns).

galech the Cleaver (Minotaur Fighter)              Turns: 10671, Time: 00:21:45

Health: -5/110     AC: 15    Str: 22    XL:     12   Next: 40%
Magic:  16/16      EV: 10    Int:  5    God:    Makhleb [*****.]
Gold:   757        SH: 13    Dex: 14    Spells: 11/11 levels left

rFire    x . .     SeeInvis .   P - +2 war axe (elec)
rCold    + + +     Gourm    .   c - +0 shield
rNeg     + . .     Faith    .   H - +0 ice dragon scales
rPois    .         Spirit   .   (helmet restricted)
rElec    .         Reflect  .   I - scarf {cloud immunity}
rCorr    .         Harm     .   (no gloves)
MR       .....                  a - +0 pair of boots
Stlth    ..........             j - amulet of regeneration
HPRegen  0.68/turn              h - ring of positive energy
MPRegen  0.15/turn              v - ring of protection from cold

@: no status effects
A: retaliatory headbutt, horns 2
a: Minor Destruction, Lesser Servant of Makhleb, Major Destruction, Greater
Servant of Makhleb, Renounce Religion


You were on level 2 of the Orcish Mines.
You worshipped Makhleb.
Makhleb was extremely pleased with you.
You were not hungry.

You visited 3 branches of the dungeon, and saw 14 of its levels.
You also visited: Ossuary.

You collected 1043 gold pieces.
You spent 286 gold pieces at shops.

Inventory:

Hand Weapons
 x - a +1 war axe of freezing
 P - a +2 war axe of electrocution (weapon)
 R - a +5 demon trident of freezing
Armour
 a - a +0 pair of boots (worn)
 c - a +0 shield (worn)
 m - a +0 plate armour
 H - +0 ice dragon scales (worn)
 I - a scarf of cloud immunity (worn)
 S - a +0 robe of positive energy
 T - a +2 scale mail of poison resistance
Jewellery
 h - a ring of positive energy (left hand)
 j - an amulet of regeneration (around neck)
 k - an uncursed ring of magical power
 v - a ring of protection from cold (right hand)
 N - an uncursed amulet of guardian spirit {unknown}
Wands
 u - a wand of polymorph (23)
 J - a wand of enslavement (16)
 K - a wand of scattershot (5)
 L - a wand of digging (13)
 Q - a wand of flame (27)
Scrolls
 b - 4 scrolls of magic mapping
 e - 2 scrolls of enchant weapon
 l - a scroll of fog
 n - a scroll of blinking
 o - a scroll of enchant armour {unknown}
 r - 4 scrolls of remove curse
 t - 6 scrolls of noise
 w - a scroll of torment {unknown}
 y - 4 scrolls of teleportation {unknown}
 B - a scroll of immolation {unknown}
 C - 6 scrolls of random uselessness
 G - 4 scrolls of identify
 O - 3 scrolls of silence {unknown}
Potions
 d - 3 potions of might
 g - 10 potions of degeneration {unknown}
 i - 3 potions of invisibility {unknown}
 p - 4 potions of mutation {unknown}
 q - 3 potions of heal wounds
 s - 7 potions of curing
 A - a potion of lignification {unknown}
 D - 2 potions of agility {unknown}
 E - 2 potions of haste
 F - a potion of flight {unknown}
 M - a potion of brilliance {unknown}
Comestibles
 f - 18 rations
 z - 20 chunks of flesh


   Skills:
 + Level 11.1 Fighting
 + Level 12.9 Axes
 + Level 11.3 Armour
 - Level 1.4 Dodging
 + Level 11.9 Shields
 + Level 7.5 Invocations


You had 11 spell levels left.
You didn't know any spells.
Your spell library contained the following spells:

 Spells                   Type           Power        Failure   Level  Hunger
 Magic Dart               Conj           #...         89%         1    ##.....
 Conjure Flame            Conj/Fire      #.......     99%         3    ####...
 Bolt of Magma            Conj/Fire/Erth #.........   100%        5    ######.
 Slow                     Hex            #.......     96%         2    ###....
 Mephitic Cloud           Conj/Pois/Air  #.......     99%         3    ####...
 Venom Bolt               Conj/Pois      #.........   100%        5    ######.
 Blink                    Tloc           N/A          96%         2    ###....
 Call Imp                 Summ           #.......     96%         2    ###....
 Iron Shot                Conj/Erth      #.........   100%        6    #######
 Orb of Destruction       Conj           #.........   100%        7    #######
 Iskenderun's Battlesphe  Conj/Chrm      #.......     100%        5    ######.
 Spellforged Servitor     Conj/Summ      #.........   100%        7    #######


Dungeon Overview and Level Annotations

Branches:
Dungeon (11/15)            Temple (1/1) D:6            Lair (0/6) D:8
    Orc (2/2) D:11
    Elf: Orc:2

Altars:
Ashenzari
Cheibriados
Dithmenos
Elyvilon
Fedhas
Gozag
Hepliaklqana
Kikubaaqudgha
Makhleb
Nemelex Xobeh
Okawaru
Qazlal
Ru
Sif Muna
Trog
Uskayaw
Vehumet
Wu Jian
Xom
Yredelemnul
Zin
The Shining One
Lugonu

Shops:
D:5 !(*


Innate Abilities, Weirdness & Mutations

You reflexively headbutt those who attack you in melee.
You have a pair of horns on your head.


Message History

You feel better.
Things that are here:
a dagger; a robe The ettin hits you with an enchanted dire flail!!
You block the ettin's attack.
You slice the ettin!! Lightning courses through the ettin!
You headbutt the ettin!
The ettin is heavily wounded.
You block the ettin's attack. The ettin hits you with a dire flail!!!
You hear a shout!
You hit the ettin.
The ettin is heavily wounded.
The ettin hits you with an enchanted dire flail!!
* * * LOW HITPOINT WARNING * * *
The ettin barely misses you.
You hit the ettin but do no damage. Lightning courses through the ettin!
You headbutt the ettin.
The ettin is almost dead.
The ettin hits you with an enchanted dire flail!
You die...

..................
#......#.....#.....
#.................
#...$............
#...............
#$............
#..C......#
#@......#
##.......#
###).......#
##..)....#.##
##.......####
##...#.#.##
##..#######
##...### ##......##


You could see an ettin.

Vanquished Creatures
  6 two-headed ogres
  Urug (Orc:1)
  A tengu warrior (D:10)
  Pikel (D:8)
  An orc knight (Orc:1)
  An orc sorcerer (D:11)
  2 ugly things
  Joseph (D:7)
  The ghost of galech the Chopper, a novice DDFi (D:5)
  Psyche (D:8)
  A centaur skeleton (D:10)
  3 trolls
  Prince Ribbit (D:5)
  2 hippogriffs
  Sigmund (D:4)
  A wraith (D:10)
  A wyvern (D:11)
  10 yaks
  A hungry ghost (D:10)
  5 wargs
  Edmund (D:6)
  4 slaves (D:8)
  3 ice beasts
  A sky beast (D:7)
  2 black bears
  A phantom (D:5)
  15 orc warriors
  The ghost of lurker the Firebug, an amateur DrFE (D:4)
  11 ogres
  8 centaurs
  A crocodile (D:11)
  A big kobold (D:10)
  4 bullfrogs
  A wyvern skeleton (D:8)
  A wyvern zombie (D:7)
  3 scorpions (D:7)
  5 wights (D:6)
  13 howler monkeys
  8 crimson imps
  3 centaur zombies
  4 bullfrog zombies
  2 quasits
  A human zombie (Ossuary)
  4 jellies
  25 orc priests
  3 hounds
  A bullfrog skeleton (D:5)
  Terence (D:3)
  3 iguanas
  19 orc wizards
  8 worker ants
  A hound skeleton (D:10)
  6 mummies
  2 howler monkey skeletons
  2 worker ant zombies
  10 adders
  3 shadow imps
  An adder zombie (D:7)
  An adder skeleton (D:8)
  2 worms
  2 dart slugs
  7 leopard geckos
  61 orcs
  12 bats
  4 giant cockroaches
  2 gnoll zombies (Ossuary)
  7 goblins
  8 hobgoblins
  17 jackals
  2 quokkas
  6 frilled lizards
  A goblin zombie (Ossuary)
  3 hobgoblin zombies (Ossuary)
  11 kobolds
  A quokka skeleton (D:9)
  11 rats
383 creatures vanquished.

Notes
Turn   | Place    | Note
-------+----------+-------------------------------------------
     0 | D:1      | galech the Minotaur Fighter began the quest for the Orb.
     0 | D:1      | Reached XP level 1. HP: 19/19 MP: 0/0
    99 | D:1      | Reached XP level 2. HP: 23/27 MP: 1/1
   504 | D:2      | Found a sparkling altar of Nemelex Xobeh.
   540 | D:2      | Reached XP level 3. HP: 32/33 MP: 2/2
   652 | D:2      | Found a radiant altar of Vehumet.
   655 | D:2      | Found a bloodstained altar of Trog.
   655 | D:2      | Found a glowing silver altar of Zin.
   656 | D:2      | Found an iron altar of Okawaru.
   663 | D:2      | Found a basalt altar of Yredelemnul.
   820 | D:2      | Reached skill level 3 in Axes
   984 | D:2      | Found a faded altar of an unknown god.
  1083 | D:3      | Reached skill level 1 in Dodging
  1095 | D:3      | Found an ornate altar of the Wu Jian Council.
  1223 | D:3      | Reached XP level 4. HP: 40/40 MP: 3/3
  1378 | D:3      | Noticed Terence
  1386 | D:3      | Killed Terence
  1386 | D:3      | Reached skill level 4 in Axes
  1866 | D:4      | Noticed Sigmund
  1965 | D:4      | Found a runed gate.
  1966 | D:4      | Found a runed gate.
  1967 | D:4      | Found a runed gate.
  1967 | D:4      | Noticed lurker's ghost (amateur DrFE)
  1983 | D:4      | Reached XP level 5. HP: 46/46 MP: 4/4
  2051 | D:4      | Noticed an ogre
  2055 | D:4      | Killed an ogre
  2055 | D:4      | Reached skill level 5 in Axes
  2055 | D:4      | Reached XP level 6. HP: 28/53 MP: 5/5
  2223 | D:4      | Killed Sigmund
  2223 | D:4      | Reached skill level 6 in Axes
  2223 | D:4      | Reached skill level 5 in Armour
  2223 | D:4      | Reached skill level 5 in Shields
  2312 | D:4      | Reached XP level 7. HP: 60/60 MP: 6/6
  2313 | D:4      | Reached skill level 5 in Fighting
  2465 | D:5      | Entered Level 5 of the Dungeon
  2595 | D:5      | Noticed Prince Ribbit
  2668 | D:5      | Found Katzawic's Distillery.
  2676 | D:5      | Bought a potion of curing for 39 gold pieces
  2684 | D:5      | Found Cibletra's Antique Weapon Boutique.
  2728 | D:5      | Killed Prince Ribbit
  2728 | D:5      | Reached skill level 7 in Axes
  2822 | D:5      | Found Kakhuseo's Assorted Antiques.
  2830 | D:5      | Reached XP level 8. HP: 58/69 MP: 7/7
  2840 | D:5      | Found a transporter.
  2841 | D:5      | Noticed galech's ghost (novice DDFi)
  2951 | D:5      | Noticed a moth of wrath
  2954 | D:5      | Found a bloodstained altar of Trog.
  3137 | D:5      | Found a transporter.
  3509 | D:6      | Noticed Edmund
  3510 | D:6      | Found a staircase to the Ecumenical Temple.
  3519 | D:6      | Killed Edmund
  3519 | D:6      | Reached skill level 8 in Axes
  3526 | Temple   | Entered the Ecumenical Temple
  3558 | Temple   | Became a worshipper of Makhleb the Destroyer
  4106 | D:6      | Reached skill level 9 in Axes
  4264 | D:6      | You fall through a shaft!
  4282 | D:7      | Noticed Joseph
  4292 | D:7      | Killed Joseph
  4292 | D:7      | Reached XP level 9. HP: 77/78 MP: 8/8
  4361 | D:7      | Found a transporter.
  4390 | D:7      | Reached * piety under Makhleb
  4403 | D:7      | Reached skill level 1 in Invocations
  5044 | D:7      | Found a corrupted altar of Lugonu.
  5120 | D:7      | Reached skill level 10 in Axes
  5605 | D:4      | Killed lurker's ghost
  5649 | D:5      | Reached ** piety under Makhleb
  5669 | D:5      | Killed galech's ghost
  5673 | D:5      | Got a slimy great mace {crush}
  5679 | D:5      | Identified the +2 great mace "Zienocso" {crush, *Drain MR+ Str+4 SInv} (You took it off an ogre on level 5 of the Dungeon)
  5812 | D:8      | Reached XP level 10. HP: 88/88 MP: 11/11
  5824 | D:8      | Found a sand-covered staircase.
  5856 | Ossuary  | Entered an ossuary
  6118 | D:8      | Noticed Pikel
  6133 | D:8      | Killed Pikel
  6213 | D:5      | Bought a faintly glowing cloak for 247 gold pieces
  6218 | D:5      | Identified the cursed -4 cloak of Looduv Xoume {rElec Str-2 Dex+4} (You bought it in a shop on level 5 of the Dungeon)
  6265 | D:8      | Noticed a two-headed ogre
  6272 | D:8      | Killed a two-headed ogre
  6386 | D:8      | Noticed Psyche
  6401 | D:8      | Killed Psyche
  6401 | D:8      | Reached skill level 11 in Axes
  6438 | D:8      | Found a staircase to the Lair.
  6443 | D:8      | Reached *** piety under Makhleb
  6753 | D:8      | Reached skill level 10 in Shields
  6797 | D:8      | Found a deep blue altar of Sif Muna.
  6921 | D:7      | Noticed a green ugly thing
  6922 | D:7      | Noticed a green ugly thing
  6924 | D:7      | Noticed a red ugly thing
  6927 | D:7      | Noticed a white ugly thing
  6929 | D:7      | Found a transporter.
  7041 | D:7      | Killed a white ugly thing
  7209 | D:9      | Reached skill level 5 in Invocations
  7587 | D:9      | Found a sacrificial altar of Ru.
  7768 | D:9      | Reached XP level 11. HP: 97/97 MP: 13/13
  7944 | D:9      | Reached **** piety under Makhleb
  8005 | D:10     | Entered Level 10 of the Dungeon
  8065 | D:10     | Noticed a two-headed ogre
  8074 | D:10     | Killed a two-headed ogre
  8203 | D:10     | Noticed a two-headed ogre
  8218 | D:10     | Killed a two-headed ogre
  8218 | D:10     | Reached skill level 10 in Armour
  8464 | D:10     | Noticed a tengu warrior
  8474 | D:10     | Killed a tengu warrior
  8474 | D:10     | Reached skill level 10 in Fighting
  8474 | D:10     | Reached skill level 12 in Axes
  8732 | D:11     | Reached ***** piety under Makhleb
  8752 | D:11     | Noticed a brown ugly thing
  8758 | D:11     | Noticed a four-headed hydra
  8769 | D:10     | Killed a brown ugly thing
  8926 | D:11     | Found a staircase to the Orcish Mines.
  9183 | D:11     | Noticed a two-headed ogre
  9183 | D:11     | Noticed a two-headed ogre
  9199 | D:11     | Killed a two-headed ogre
  9205 | D:11     | Killed a two-headed ogre
  9205 | D:11     | Reached XP level 12. HP: 70/108 MP: 16/16
  9322 | D:11     | Noticed a two-headed ogre
  9327 | D:11     | Killed a two-headed ogre
  9720 | Orc:1    | Entered Level 1 of the Orcish Mines
  9721 | Orc:1    | Noticed Urug
  9963 | Orc:1    | Killed Urug
  9977 | Orc:1    | Paralysed by an orc sorcerer for 3 turns
 10493 | Orc:2    | Entered Level 2 of the Orcish Mines
 10664 | Orc:2    | Noticed an ettin
 10670 | Orc:2    | HP: 5/110 [ettin/enchanted dire flail (33)]
 10671 | Orc:2    | Slain by an ettin

Vault maps used:
D:1:      dpeg_arrival_court
D:2:      nemelex_altar_shiori, grunt_temple_overflow_open,
          chequers_ecumenical_altar_grove
D:3:      lemuel_crystal_altar, first_ration, uniq_terence
D:4:      ebering_ghost_rock_garden, uniq_sigmund
D:5:      serial_shops, shop, shop_statue, shop, gammafunk_ghost_smash,
          tgw_trog, uniq_prince_ribbit1
D:6:      minmay_temple_entry_glassed_door, serial_co_window_serial,
          co_window_corner_a, co_window_paths_b, co_window_cross_1,
          co_window_paths_a, co_window_cross_1, co_window_unsneaky_path_c,
          co_window_unsneaky_path_c, co_window_cross_4, co_window_corner_b,
          co_window_corner_ca, co_window_paths_c, co_window_paths_d,
          co_window_4corner_b, uniq_edmund
D:7:      gammafunk_corrupted_shrine, uniq_joseph
D:8:      lemuel_blue_sif_altar, erik_lair_orcish_takeover,
          gup_ossuary_entry_pyramid, uniq_pikel, uniq_psyche
D:9:      lemuel_crystal_altar
D:10:     grunt_tengu_nest
D:11:     erik_orc_4, minmay_joined_circles
Temple:   cyrus_circular_temple
Orc:1:    uniq_josephine, uniq_urug
Orc:2:    pf_orc_diabolical, serial_shops, nicolae_shop_crystal, basic_altar
Ossuary:  ossuary_crypta

Skill      XL: |  1  2  3  4  5  6  7  8  9 10 11 12 |
---------------+-------------------------------------+-----
Shields        | 4 5 6 7 9 10 11 | 11.9
Armour         | 4 5 6 8 9 10 11 | 11.3
Fighting       | 4 5 6 7 9 10 11 | 11.1
Axes           | 3 4 5 6 7 9 10 11 12 | 12.9
Dodging        | 1 |  1.4
Invocations    | 3 5 6 7 |  7.5

Action                   |  1- 3 |  4- 6 |  7- 9 | 10-12 || total
-------------------------+-------+-------+-------+-------++-------
Melee: War axe           |   119 |   120 |   317 |   686 ||  1242
       Headbutt          |    12 |    17 |    66 |   158 ||   253
  Use: Scroll            |       |       |       |    10 ||    10
  Eat: Chunk             |     1 |     4 |    12 |    14 ||    31
       Ration            |       |       |       |     1 ||     1
Armor: Scale mail        |    30 |       |       |       ||    30
       Plate armour      |    41 |    62 |   128 |   104 ||   335
       Ice dragon scales |       |       |       |   137 ||   137
Dodge: Dodged            |    26 |    21 |    45 |   159 ||   251
Block: Shield            |    82 |    71 |   162 |   352 ||   667

Table legend:
 A = Spawn XP
 B = Non-spawn XP
 C = Spawn XP percentage of total XP
 D = Spawn monster count
 E = Non-spawn monster count
 F = Spawn count percentage of total count
 G = Total turns spent on level
                    A         B        C        D         E        F      G
               +---------+---------+-------+---------+---------+-------+---------
         Total |       0 |   28439 |   0.0 |       0 |     379 |   0.0 | 10671
               +---------+---------+-------+---------+---------+-------+---------
           D:1 |       0 |      36 |   0.0 |       0 |      24 |   0.0 |   479
           D:2 |       0 |      34 |   0.0 |       0 |      11 |   0.0 |   564
           D:3 |       0 |     116 |   0.0 |       0 |      30 |   0.0 |   890
           D:4 |       0 |     748 |   0.0 |       0 |      19 |   0.0 |   584
           D:5 |       0 |    1359 |   0.0 |       0 |      21 |   0.0 |  1186
           D:6 |       0 |     940 |   0.0 |       0 |      25 |   0.0 |  1295
           D:7 |       0 |    2676 |   0.0 |       0 |      34 |   0.0 |  1037
           D:8 |       0 |    3747 |   0.0 |       0 |      30 |   0.0 |   872
           D:9 |       0 |    1431 |   0.0 |       0 |      40 |   0.0 |   849
          D:10 |       0 |    6302 |   0.0 |       0 |      40 |   0.0 |   849
          D:11 |       0 |    7673 |   0.0 |       0 |      58 |   0.0 |  1302
         Orc:1 |       0 |    2215 |   0.0 |       0 |      15 |   0.0 |   337
         Orc:2 |       0 |     972 |   0.0 |       0 |      19 |   0.0 |   178
       Ossuary |       0 |     190 |   0.0 |       0 |      13 |   0.0 |   203
               +---------+---------+-------+---------+---------+-------+---------
